 Dungeon Crawl Stone Soup version 0.28-a0-653-g7e9dba17c3 (webtiles) character file.

Game seed: 17478919917794096533

58166 runemasterragnar the Thaumaturge (level 13, -3/98 HPs)
             Began as a Djinni Conjurer on Oct 11, 2021.
             Was the Champion of Ru.
             Slain by a komodo dragon (28 damage)
             ... on level 4 of the Lair of Beasts.
             The game lasted 01:29:17 (34678 turns).

runemasterragnar the Thaumaturge (Djinni Conjurer) Turns: 34678, Time: 01:29:18

Health: -3/98      AC: 11    Str: 10    XL:     13   Next: 29%
Gold:   1059       EV: 16    Int: 20    God:    Ru [******] SH:  0 Dex: 13

rFire   + + .      SeeInvis .   G - +3 long sword "Peirph" {venom, Fly rC+ Will+ rCorr}
rCold   + + +      Faith    .   (no shield)
rNeg    . . .      Spirit   .   n - +3 leather armour {rC+}
rPois   ∞          Reflect  .   u - +0 helmet
rElec   .          Harm     .   J - +2 cloak {rCorr}
rCorr   +          Rampage  .   q - +0 pair of gloves
Will    ++...                   (boots unavailable)
Stlth   ++++......              (no amulet)
HPRegen 0.26/turn               k - ring of protection from cold
MPRegen 0.00/turn               g - ring of protection from cold

@: flying
A: sickness immunity, fire resistance 2, cold vulnerability 1, inability to use
devices, inability to train armour, inexperienced 1, missing an eye, float,
innate caster, hp casting, extra vitality 1
a: Renounce Religion, Draw Out Power, Power Leap, Apocalypse


You were on level 4 of the Lair of Beasts.
You worshipped Ru.
Ru was exalted by your worship.
You visited 3 branches of the dungeon, and saw 19 of its levels.

You collected 2320 gold pieces.
You spent 1261 gold pieces at shops.

Inventory:

Hand Weapons
 l - the +12 spear of Rotation {protect, Will+ Str+2 Stlth-}
   (You found it on level 5 of the Dungeon)

   It grants its wielder temporary protection when it strikes (+7 to AC).
   Str:       It affects your strength (+2).
   Will:      It increases your willpower.
   Stlth:     It makes you less stealthy.
 m - a +2 dagger of venom
 v - the +1 great sword of Xipsom {spect, MP+9}
   (You found it on level 7 of the Dungeon)

   When its wielder attacks, the weapon's spirit leaps out and strikes again.
   The spirit shares a part of any damage it takes with its wielder.
   MP:        It affects your magic capacity (+9).
 G - the +3 long sword "Peirph" (weapon) {venom, Fly rC+ Will+ rCorr}
   (You bought it in a shop on level 9 of the Dungeon)

   It poisons the flesh of those it strikes.
   rC:        It protects you from cold.
   Fly:       It grants you flight.
   rCorr:     It protects you from acid and corrosion.
   Will:      It increases your willpower.
Armour
 n - a +3 leather armour of cold resistance (worn)
 q - a +0 pair of gloves (worn)
 u - a +0 helmet (worn)
 A - +0 acid dragon scales
 I - the +2 leather armour "Utei" {Dex+4}
   (You found it on level 12 of the Dungeon)

   Dex:       It affects your dexterity (+4).
 J - a +2 cloak of preservation (worn)
Magical Staves
 H - a staff of conjuration
Jewellery
 g - a ring of protection from cold (right hand)
 k - a ring of protection from cold (left hand)
 s - a +6 ring of strength
 y - a +6 ring of dexterity
 K - a ring of protection from cold
Scrolls
 a - a scroll of brand weapon {unknown}
 d - 8 scrolls of identify
 t - 4 scrolls of fog
 w - 7 scrolls of teleportation
 x - a scroll of silence
 D - a scroll of magic mapping
 E - a scroll of enchant weapon
 F - a scroll of fear
 L - a scroll of torment
Potions
 c - 3 potions of resistance
 f - 2 potions of lignification
 j - 2 potions of brilliance
 p - 3 potions of heal wounds
 r - 7 potions of curing
 B - 3 potions of attraction
 C - a potion of mutation
 M - a potion of cancellation


   Skills:
 + Level 10.9 Fighting
 + Level 12.1 Dodging
 + Level 10.2 Stealth
 * Level 13.2 Spellcasting


You had 5 spell levels left.
You knew the following spells:

 Your Spells              Type           Power      Damage    Failure   Level
a - Magic Dart            Conj           100%       1d8       1%          1
b - Searing Ray           Conj           100%       2d8       1%          2
c - Dazzling Flash        Conj/Hex       100%       N/A       1%          3
d - Fulminant Prism       Conj/Hex       30%        3d16      1%          4
e - Iskenderun's Mystic   Conj/Tloc      60%        2d13      1%          4
f - Shock                 Conj/Air       100%       1d9       1%          1
g - Slow                  Hex            60%        N/A       1%          2
h - Poisonous Vapours     Pois/Air       100%       N/A       1%          2
i - Airstrike             Air            30%        N/A       1%          4
j - Silence               Hex/Air        30%        N/A       1%          5
k - Irradiate             Conj/Tmut      30%        3d24      1%          5
Your spell library was empty.

Dungeon Overview and Level Annotations

Branches:
Dungeon (13/15)            Temple (0/1) D:4            Lair (4/6) D:11
  Swamp (0/4) Lair:4       Spider (0/4) Lair:4          Orc (2/2) D:9
    Elf (0/3) Orc:2
 Vaults: D:13-14

Altars:
Dithmenos
Makhleb
Ru
Sif Muna
Uskayaw
Vehumet
The Shining One

Shops:
D:2 [   D:4 [   D:8 =   D:9 (   Orc:2 ?**(

Annotations:
D:5 2 runed translucent doors, HilariousDeathArtist's ghost, amateur SpWr
D:8 2 runed translucent doors, AlleluiaPinecone's ghost, novice VSBr
D:12 2 transporters, jasper's ghost, journeyman TeBe
Lair:4 3 runed translucent doors, Lesmeliq's ghost, journeyman HuWn


Innate Abilities, Weirdness & Mutations

You are immune to sickness and miasma.
You are immune to poison.
Your flesh is very heat resistant. (rF++)
You are vulnerable to cold. (rC-)
You cannot study or use magical devices.
You cannot train Armour skill.
You are somewhat inexperienced. (-2 XL)
You are missing an eye, making it more difficult to aim.
You float through the air rather than walking.
You learn spells naturally, not from books.
Your magical power is your life essence.
You have superior vitality. (+4 HP)


Message History

Casting: Slow (safe; 1% risk of failure)
Confirm with . or Enter, or press ? or * to list all spells.
Okay, then.
Casting: Slow (safe; 1% risk of failure)
Confirm with . or Enter, or press ? or * to list all spells.
Aiming: Poisonous Vapours (safe; 1% risk of failure)
Press: ? - help, Dir - move target, f/p - death yak
Aim: a death yak (lightly wounded, very poisoned) Poisonous vapours surround the death yak!
The death yak looks as sick as possible!
Unknown command.
Casting: Poisonous Vapours (safe; 1% risk of failure)
Confirm with . or Enter, or press ? or * to list all spells.
Aiming: Poisonous Vapours (safe; 1% risk of failure)
Press: ? - help, Dir - move target, f/p - death yak
Aim: a death yak (moderately wounded, very poisoned) Poisonous vapours surround the death yak!
The death yak looks as sick as possible!
Casting: Poisonous Vapours (safe; 1% risk of failure)
Confirm with . or Enter, or press ? or * to list all spells.
Aiming: Poisonous Vapours (safe; 1% risk of failure)
Press: ? - help, Dir - move target, f/p - death yak
Aim: a death yak (heavily wounded, extremely poisoned) Poisonous vapours surround the death yak!
The death yak looks as sick as possible!
Unknown command.
A komodo dragon comes into view.
The komodo dragon hisses angrily.
The komodo dragon bites you!!
Casting: Poisonous Vapours (safe; 1% risk of failure)
Confirm with . or Enter, or press ? or * to list all spells.
Aiming: Poisonous Vapours (safe; 1% risk of failure)
Press: ? - help, Dir - move target, f/p - death yak
Aim: a death yak (severely wounded, extremely poisoned) Poisonous vapours surround the death yak!
The death yak looks as sick as possible!
The death yak gores you!!
* * * LOW HITPOINT WARNING * * *
The komodo dragon bites you!!
You die...

.....### ♣≈..≈♣♣#....##.... .....
....## ♣≈.†≈♣ #....#..... ...##
.....# ♣♣†.≈♣ ##...#.# .#...
.....###♣♣≈..♣♣♣ #....# ...
.....##..♣♣..≈♣.##....# ...
....###P.♣≈.♣≈♣..#....##P. ...
.........♣≈..≈♣.!................
.........♣≈♣.≈♣.Yl...............
...#.....♣♣..♣♣.@............ ...
###.......♣..♣.............. ...
####......♣..♣............# ## ..
#.##.......⌠⌠..#..........##P#...
..D..............................
...................<.............
................#.#.#.#..........
......###.##.##..###.##..........
......# ######..P# ####..........


You could see a death yak (extremely poisoned) and a komodo dragon.

Vanquished Creatures
  5 hydras
  2 vault guards (D:13)
  2 boulder beetles
  2 two-headed ogres
  2 death yaks
  Nergalle (Lair:1)
  3 orc high priests (Orc:2)
  A skeletal warrior (D:12)
  5 orc knights
  An orb spider (Lair:4)
  2 orc sorcerers (Orc:2)
  2 cyclopes
  A manticore (D:13)
  Maurice (D:12)
  Joseph (Lair:1)
  2 black mambas (Lair:3)
  A gargoyle (D:12)
  Maggie (Lair:1)
  5 komodo dragons
  7 cane toads
  A rime drake (Lair:3)
  4 trolls
  A meliai (shapeshifter) (D:13)
  5 slime creatures (D:12)
  A vampire (D:12)
  2 shadows (D:11)
  24 yaks
  6 spriggans (Lair:2)
  4 wyverns
  6 basilisks
  A warg (Orc:2)
  6 acid dragons
  4 swamp worms
  13 water moccasins
  3 black bears
  28 orc warriors
  A swamp drake (D:11)
  3 ice beasts
  6 ogres
  11 wolves
  10 centaurs
  A kobold brigand (D:7)
  6 bullfrogs
  3 scorpions
  A wyvern skeleton (D:3)
  A killer bee (D:10)
  3 electric eels
  3 howler monkeys
  2 lava snakes (D:8)
  6 centaur zombies
  A centaur skeleton (D:7)
  2 bullfrog zombies
  Crazy Yiuf (D:3)
  20 orc priests
  2 gnoll shamans
  6 hounds
  2 bullfrog skeletons
  Jessica (D:3)
  20 orc wizards
  Ijyb (D:5)
  Natasha (thrice) (D:3)
  Terence (D:3)
  4 iguanas
  A killer bee zombie (D:9)
  A howler monkey zombie (D:9)
  9 adders
  9 gnolls
  3 shadow imps
  A white imp (D:5)
  An ufetubus (D:4)
  5 worms
  2 dart slugs
  75 orcs
  7 ball pythons
  8 endoplasms
  4 giant cockroaches
  7 goblins
  8 hobgoblins
  6 jackals
  10 kobolds
  3 quokkas
  8 bats
  4 frilled lizards
  4 rats
453 creatures vanquished.

Vanquished Creatures (collateral kills)
  A cyclops (D:10)
1 creature vanquished.

Vanquished Creatures (others)
  An orc knight (Orc:2)
  An orc sorcerer (Orc:2)
  A vampire (D:5)
  A centaur (D:9)
  An orc (D:9)
  A bush (Lair:4)
  55 fulminant prisms
  26 fungi
  42 plants
129 creatures vanquished.

Grand Total: 583 creatures vanquished

Notes
Turn   | Place    | Note
-------+----------+-------------------------------------------
     0 | D:1      | runemasterragnar the Djinni Conjurer began the quest for
                  | the Orb.
     0 | D:1      | Reached XP level 1. HP: 15/15 MP: 0/0
   234 | D:1      | Reached XP level 2. HP: 12/22 MP: 0/0
   860 | D:1      | Reached XP level 3. HP: 24/26 MP: 0/0
   860 | D:1      | Learned a level 1 spell: Shock
  1178 | D:1      | Reached skill level 1 in Fighting
  1699 | D:2      | Reached XP level 4. HP: 26/32 MP: 0/0
  2208 | D:2      | Found Wewiriuz's Antique Armour Emporium.
  2266 | D:2      | Found a faded altar of an unknown god.
  2350 | D:2      | Prayed at the altar of an unknown god.
  2350 | D:2      | Became a worshipper of Ru the Awakened
  2366 | D:2      | Gained mutation: You are somewhat inexperienced. (-2 XL)
                  | [Ru sacrifice]
  2366 | D:2      | Reached XP level 3. HP: 27/27 MP: 0/0
  2366 | D:2      | Reached XP level 2. HP: 22/22 MP: 0/0
  2366 | D:2      | Reached * piety under Ru
  2366 | D:2      | Reached ** piety under Ru
  2928 | D:2      | Reached XP level 3. HP: 25/27 MP: 0/0
  3006 | D:3      | Reached skill level 4 in Spellcasting
  3521 | D:3      | Noticed Jessica
  3644 | D:3      | Killed Jessica
  3735 | D:3      | Reached XP level 4. HP: 18/33 MP: 0/0
  4025 | D:3      | Noticed Natasha
  4028 | D:3      | Killed Natasha
  4326 | D:3      | Noticed Natasha
  4329 | D:3      | Killed Natasha
  4385 | D:3      | Found a shadowy altar of Dithmenos.
  4406 | D:3      | Noticed Terence
  4410 | D:3      | Killed Terence
  4600 | D:3      | Reached XP level 5. HP: 19/39 MP: 0/0
  4600 | D:3      | Learned a level 2 spell: Slow
  4766 | D:3      | Found a runed translucent door.
  4767 | D:3      | Noticed Crazy Yiuf
  4786 | D:3      | Noticed Natasha
  4793 | D:3      | Killed Natasha
  4816 | D:3      | Killed Crazy Yiuf
  5829 | D:4      | Found a staircase to the Ecumenical Temple.
  5912 | D:4      | Found Wataemee's Armour Shoppe.
  6074 | D:5      | Entered Level 5 of the Dungeon
  6075 | D:5      | Found a large runed translucent door.
  6075 | D:5      | Found a large runed translucent door.
  6091 | D:5      | Noticed HilariousDeathArtist's ghost (amateur SpWr)
  6231 | D:5      | Noticed a water moccasin
  6238 | D:5      | Killed a water moccasin
  6239 | D:5      | Reached skill level 5 in Spellcasting
  6726 | D:5      | Gained mutation: You cannot study or use magical devices.
                  | [Ru sacrifice]
  6726 | D:5      | Reached *** piety under Ru
  6726 | D:5      | Reached **** piety under Ru
  6726 | D:5      | Reached ***** piety under Ru
  6780 | D:5      | Reached XP level 6. HP: 33/46 MP: 0/0
  6902 | D:5      | Noticed a vampire
  6915 | D:5      | Identified the +12 spear of Rotation {protect, Will+ Str+2
                  | Stlth-}
  7068 | D:5      | Killed a vampire
  7617 | D:5      | Noticed Ijyb
  7625 | D:5      | Killed Ijyb
  7626 | D:5      | Reached skill level 5 in Dodging
  8528 | D:6      | Reached skill level 6 in Spellcasting
  8535 | D:6      | Reached XP level 7. HP: 33/53 MP: 0/0
  8535 | D:6      | Learned a level 2 spell: Poisonous Vapours
  9613 | D:7      | Reached skill level 5 in Fighting
  9682 | D:7      | Reached skill level 5 in Stealth
 10180 | D:7      | Identified the +1 great sword of Xipsom {spect, MP+9}
 10449 | D:7      | Reached skill level 7 in Spellcasting
 10855 | D:7      | Reached XP level 8. HP: 29/60 MP: 0/0
 11041 | D:7      | Identified a scroll of acquirement
 11042 | D:7      | Acquired 932 gold pieces
 11524 | D:8      | Found a large runed translucent door.
 11524 | D:8      | Found a large runed translucent door.
 12534 | D:8      | Noticed a centaur warrior
 12535 | D:8      | Noticed a centaur warrior
 12672 | D:8      | Found Siam's Jewellery Shoppe.
 12792 | D:8      | Noticed AlleluiaPinecone's ghost (novice VSBr)
 13356 | D:9      | Found Areuwk's Weapon Shop.
 13696 | D:9      | Found a staircase to the Orcish Mines.
 13865 | D:9      | Found a hide-covered altar of Uskayaw.
 13938 | D:9      | Reached skill level 8 in Spellcasting
 15062 | D:10     | Entered Level 10 of the Dungeon
 15062 | D:10     | Found a glowing golden altar of the Shining One.
 15498 | D:10     | Reached XP level 9. HP: 58/67 MP: 0/0
 15498 | D:10     | Learned a level 4 spell: Airstrike
 15498 | D:10     | Noticed a cyclops
 15553 | D:10     | Killed a cyclops
 16456 | D:10     | Noticed a two-headed ogre
 16469 | D:10     | Killed a two-headed ogre
 16470 | D:10     | Reached skill level 9 in Spellcasting
 16665 | D:10     | Found a sacrificial altar of Ru.
 16733 | D:10     | Gained mutation: You cannot train Armour skill. [Ru
                  | sacrifice]
 17757 | D:11     | Noticed a cyclops
 17786 | D:11     | Killed a cyclops
 18571 | D:11     | Found a staircase to the Lair.
 18786 | D:12     | Noticed a cyclops
 18794 | D:12     | Killed a cyclops
 19095 | D:12     | Noticed Maurice
 19101 | D:12     | Killed Maurice
 19244 | D:10     | Reached XP level 10. HP: 70/76 MP: 0/0
 19278 | Orc:1    | Entered Level 1 of the Orcish Mines
 19932 | Orc:2    | Entered Level 2 of the Orcish Mines
 19936 | Orc:2    | Found a staircase to the Elven Halls.
 20699 | Orc:2    | Gained mutation: You are missing an eye, making it more
                  | difficult to aim. [Ru sacrifice]
 20699 | Orc:2    | Reached ****** piety under Ru
 20771 | Orc:2    | Found a burning altar of Makhleb.
 20798 | Orc:2    | Reached skill level 10 in Spellcasting
 21849 | Orc:2    | Noticed an orc high priest
 21855 | Orc:2    | Killed an orc high priest
 22128 | Orc:2    | HP: 1/72 [orc knight/bolt (11)]
 22432 | Orc:2    | Noticed an orc high priest
 22557 | Orc:2    | Reached skill level 10 in Dodging
 22630 | Orc:2    | Noticed a sun demon
 22963 | Orc:2    | Noticed an orc high priest
 22980 | Orc:2    | HP: 3/77 [orc high priest/divine providence (13)]
 22980 | Orc:2    | HP: 1/77 [hellwing[an orc high priest] (2)]
 22991 | Orc:2    | Killed an orc high priest
 23432 | Orc:2    | Noticed a soul eater
 23440 | Orc:2    | Killed an orc high priest
 23943 | Orc:2    | Found Ekhithom's Assorted Antiques.
 23943 | Orc:2    | Found Komehuw's Weapon Shop.
 23945 | Orc:2    | Found Mofarul's Magic Scroll Emporium.
 23945 | Orc:2    | Found Ror Wyom's Assorted Antiques.
 23958 | Orc:2    | Bought a potion of curing for 90 gold pieces
 23958 | Orc:2    | Bought a scroll of teleportation for 90 gold pieces
 23959 | Orc:2    | Bought a scroll of silence for 82 gold pieces
 23959 | Orc:2    | Bought a scroll of enchant weapon for 82 gold pieces
 23959 | Orc:2    | Bought a scroll of teleportation for 33 gold pieces
 23959 | Orc:2    | Bought a scroll of teleportation for 33 gold pieces
 23959 | Orc:2    | Bought a scroll of teleportation for 33 gold pieces
 23964 | Orc:2    | Bought a scroll labelled EKUM NICVUREPP for 30 gold pieces
 23966 | Orc:2    | Bought a scroll of identify for 22 gold pieces
 23966 | Orc:2    | Bought a scroll of identify for 22 gold pieces
 24094 | D:9      | Bought the +3 long sword "Peirph" {venom, Fly rC+ Will+
                  | rCorr} for 744 gold pieces
 24223 | Lair:1   | Entered Level 1 of the Lair of Beasts
 24225 | Lair:1   | Reached XP level 11. HP: 64/80 MP: 0/0
 24225 | Lair:1   | Learned a level 5 spell: Silence
 24278 | Lair:1   | Noticed a four-headed hydra
 24285 | Lair:1   | Noticed an eight-headed hydra
 24301 | Lair:1   | Noticed Joseph
 25035 | D:12     | Reached skill level 11 in Spellcasting
 25526 | Lair:1   | Killed Joseph
 25526 | Lair:1   | Noticed Maggie
 25932 | D:12     | Found a transporter.
 25939 | D:12     | Noticed a five-headed hydra
 25939 | D:12     | Noticed jasper's ghost (journeyman TeBe)
 25955 | D:12     | Found a transporter.
 26162 | D:12     | Identified the +2 leather armour "Utei" {Dex+4}
 26410 | D:13     | Noticed a boulder beetle
 26498 | D:13     | Noticed a centaur warrior
 27086 | Lair:1   | Killed a four-headed hydra
 27182 | Lair:1   | Noticed Nergalle
 27198 | Lair:1   | Killed Nergalle
 27199 | Lair:1   | Reached skill level 10 in Fighting
 27217 | Lair:1   | Killed Maggie
 27696 | Lair:1   | Killed an eight-headed hydra
 27972 | Lair:1   | Reached skill level 12 in Spellcasting
 27972 | Lair:1   | Reached XP level 12. HP: 91/91 MP: 0/0
 31689 | Lair:3   | Reached XP level 13. HP: 91/97 MP: 0/0
 31689 | Lair:3   | Learned a level 5 spell: Irradiate
 32441 | Lair:4   | Reached skill level 13 in Spellcasting
 32749 | Lair:4   | Reached skill level 10 in Stealth
 32919 | Lair:4   | Found a runed translucent gate.
 32920 | Lair:4   | Found a runed translucent gate.
 32920 | Lair:4   | Noticed Lesmeliq's ghost (journeyman HuWn)
 32921 | Lair:4   | Found a runed translucent gate.
 33125 | Lair:4   | Found a staircase to the Swamp.
 34591 | Lair:4   | Found a hole to the Spider Nest.
 34678 | Lair:4   | Slain by a komodo dragon

Illustrated notes

Levels and vault maps discovered:
D:1:      eino_arrival_druids_welcome, layout_loops_corners,
          minmay_indecisive_spiral
D:2:      layout_loops_cross, serial_shops, nicolae_shop_statue_plus,
          ebering_ecumenical_altar_webs, minmay_misc_feat_chi
D:3:      wander_river, layout_loops_ring, nicolae_dithmenos_the_darkroom,
          st_stairs_7, uniq_natasha, uniq_jessica, uniq_crazy_yiuf_cottage,
          uniq_terence
D:4:      layout_cave_pools, mainiacjoe_overflow_paths,
          minmay_temple_entry_statues_fountains, st_stairs_8,
          amcnicky_mini_rare_corridor_liquid, nicolae_inconvenience_store
D:5:      layout_gridville, ebering_ghost_disaster_area,
          minmay_fractal_squares_gapless_5, uniq_ijyb
D:6:      layout_rooms, vehumet_altar_wand_db, chequers_hall_statues_wall_a
D:7:      layout_loops_corners, st_stairs_14, kennysheep_small_square
D:8:      cheibrodos_quashed, layout_layer_cave, serial_shops,
          nicolae_shop_crystal, ebering_ghost_disaster_area,
          nicolae_lava_and_water, minmay_misc_feat_columns,
          lightli_corner_chamber
D:9:      layout_basic, mainiacjoe_overflow_24_doors, david_orc_4, serial_shops,
          shop, worms_lemuel
D:10:     minmay_recursive_quarters, layout_long_grid, marbit_many_paths,
          mainiacjoe_overflow_concentric_impassable, kennysheep_generic_room_4
D:11:     layout_long_grid, erik_lair_dragon
D:12:     layout_stronghold, gammafunk_ghost_berserking_beasts, uniq_maurice
D:13:     layout_roguey, erik_vaults_2, led_sif_book
Lair:1:   layout_gridlike, infiniplex_staircase_pool, uniq_nergalle,
          uniq_joseph, uniq_maggie
Lair:2:   layout_cave_pods, wad_woods_01, lemuel_fruit_tree, grunt_megastairs_2
Lair:3:   layout_hall_layers
Lair:4:   layout_small_grid, nicolae_swamp_entry_splash_gauntlet,
          nicolae_spider_entry_orb_guardian, gammafunk_ghost_hydra_chop,
          grunt_megastairs_5
Orc:1:    layout_diamond_mine
Orc:2:    grunt_orc_tribal_feast, layout_caves, basic_altar, mines2_lemuel

Skill      XL: |  1  2  3  4  5  6  7  8  9 10 11 12 13 |
---------------+----------------------------------------+-----
Fighting       | 2 3 4 5 6 8 9 10 | 10.9
Stealth        | 2 3 4 5 6 7 8 9 10 | 10.2
Dodging        | 3 4 5 6 7 9 10 11 12 | 12.1
Spellcasting   | 4 5 6 7 8 9 10 12 13 | 13.2

Action                   |  1- 3 |  4- 6 |  7- 9 | 10-12 | 13-15 || total
-------------------------+-------+-------+-------+-------+-------++-------
Melee: Dagger            |    19 |    16 |       |    12 |       ||    47
       Spear             |       |    47 |   140 |    85 |       ||   272
       Long sword        |       |       |       |    54 |     8 ||    62
 Cast: Magic Dart        |    66 |    27 |    10 |     6 |       ||   109
       Shock             |    24 |    65 |    73 |    24 |     1 ||   187
       Searing Ray       |     9 |    21 |    29 |    12 |     4 ||    75
       Fulminant Prism   |       |     7 |     6 |    38 |     4 ||    55
       Slow              |       |     8 |    22 |    39 |     4 ||    73
       Dazzling Flash    |       |     1 |     5 |    17 |     4 ||    27
       Poisonous Vapours |       |       |   114 |   166 |    50 ||   330
       Airstrike         |       |       |    29 |    79 |    30 ||   138
       Iskenderun's Myst |       |       |       |    29 |     4 ||    33
       Silence           |       |       |       |     3 |     2 ||     5
       Irradiate         |       |       |       |       |     1 ||     1
Invok: Sacrifice Experie |     1 |       |       |       |       ||     1
       Power Leap        |       |     1 |     2 |     6 |     1 ||    10
       Sacrifice Artific |       |     1 |       |       |       ||     1
       Reject Sacrifices |       |       |     1 |       |       ||     1
       Apocalypse        |       |       |     1 |     2 |       ||     3
       Sacrifice Durabil |       |       |     1 |       |       ||     1
       Draw Out Power    |       |       |       |     1 |       ||     1
       Sacrifice an Eye  |       |       |       |     1 |       ||     1
  Use: Scroll            |     3 |     4 |    11 |     7 |     1 ||    26
       Potion            |       |     4 |       |     7 |       ||    11
 Stab: Sleeping          |     2 |     1 |       |     2 |       ||     5
       Invisible         |       |       |     3 |     3 |       ||     6
       Paralysed         |       |       |       |     3 |       ||     3
       Distracted        |       |       |       |     1 |       ||     1
Armor: Robe              |     2 |    11 |     7 |       |       ||    20
       Leather armour    |       |       |    69 |    54 |     7 ||   130
       Skin              |       |       |       |     1 |       ||     1
Dodge: Dodged            |    21 |    57 |   144 |   177 |    12 ||   411

Table legend: (Time is in decaauts)
 A = Elapsed time spent in this place.
 B = Non-inter-level travel time spent in this place.
 C = Inter-level travel time spent in this place.
 D = Time resting spent in this place.
 E = Time spent auto-exploring this place.
 F = Levels seen in this place.
 G = Mean time per level.
                   A        B        C        D        E       F      G
               +--------+--------+--------+--------+--------+-----+--------+
         Total |  34745 |  33156 |   1589 |   6518 |  21665 |  19 | 1828.7 |
       Dungeon |  22822 |  21654 |   1168 |   3151 |  15694 |  13 | 1755.5 |
          Lair |   7147 |   6825 |    322 |   2124 |   3677 |   4 | 1786.8 |
  Orcish Mines |   4775 |   4677 |     98 |   1243 |   2294 |   2 | 2387.5 |
               +--------+--------+--------+--------+--------+-----+--------+

Top non-repeatable levels by time:
   Orc:2: 3168 daAuts
    D:11: 2874 daAuts
  Lair:2: 2423 daAuts
     D:5: 2304 daAuts
     D:3: 2279 daAuts
    D:12: 2227 daAuts
     D:9: 2147 daAuts
  Lair:3: 1852 daAuts
    D:10: 1837 daAuts
     D:8: 1831 daAuts
  Lair:1: 1829 daAuts
   Orc:1: 1607 daAuts
     D:7: 1598 daAuts
     D:1: 1583 daAuts
     D:2: 1406 daAuts
